 Dungeon Crawl Stone Soup version 0.28.0-53-g5a82cb258f (webtiles) character file.

Game seed: 12791272472938096791

117 quixfox the Chopper (level 4, -1/41 HPs)
             Began as a Minotaur Fighter on July 13, 2022.
             Killed by nerve-wracking pain
             ... invoked by Grinder
              (6 damage)
             ... on level 3 of the Dungeon.
             The game lasted 00:03:46 (1930 turns).

quixfox the Chopper (Minotaur Fighter)              Turns: 1930, Time: 00:03:46

Health: -1/41      AC: 15    Str: 22    XL:     4   Next: 71%
Magic:  3/3        EV:  6    Int:  5    God:
Gold:   88         SH:  9    Dex: 10    Spells: 3/3 levels left

rFire   . . .      SeeInvis .   a - +0 war axe
rCold   . . .      Faith    .   c - +0 buckler
rNeg    . . .      Spirit   .   k - +0 plate armour
rPois   +          Reflect  +   (helmet restricted)
rElec   .          Harm     .   q - +2 cloak
rCorr   .          Rampage  .   (no gloves)
Will    .....                   (no boots)
Stlth   ..........              f - amulet of reflection
HPRegen 0.13/turn               i - +4 ring of slaying
MPRegen 0.08/turn               m - ring of poison resistance

@: mighty
A: horns 2, retaliatory headbutt
a: no special abilities


You were on level 3 of the Dungeon.
You visited 1 branch of the dungeon, and saw 3 of its levels.

You collected 88 gold pieces.

Inventory:

Hand Weapons
 a - a +0 war axe (weapon)
Armour
 c - a +0 buckler (worn)
 k - a +0 plate armour (worn)
 q - a +2 cloak (worn)
Jewellery
 f - an amulet of reflection (around neck)
 i - a +4 ring of slaying (left hand)
 m - a ring of poison resistance (right hand)
 r - a ring of positive energy
Scrolls
 b - a scroll of noise {unknown}
 e - 2 scrolls of identify {unknown}
 j - 4 scrolls of fear {unknown}
 l - a scroll of torment {unknown}
 n - 2 scrolls of holy word {unknown}
 s - a scroll of fog {unknown}
Potions
 g - a potion of curing {unknown}
 h - a potion of attraction {unknown}
 o - a potion of heal wounds {unknown}
 p - a potion of mutation {unknown}


   Skills:
 + Level 4.5 Fighting
 * Level 4.6 Axes
 + Level 4.5 Armour
 - Level 3.6 Shields


You had 3 spell levels left.
You didn't know any spells.
Your spell library contained the following spells:

 Spells                   Type           Power      Damage    Failure   Level
 Animate Skeleton         Necr           0%         N/A       100%        1
 Apportation              Tloc           0%         N/A       100%        1
 Pain                     Necr           0%         1d4       100%        1
 Conjure Flame            Conj/Fire      0%         6-21      100%        3
 Ignite Poison            Fire/Tmut/Pois 0%         N/A       100%        3
 Vampiric Draining        Necr           0%         2d6       100%        3
 Sticky Flame             Conj/Fire      0%         2d3       100%        4
 Alistair's Intoxication  Tmut/Pois      0%         N/A       100%        5


Dungeon Overview and Level Annotations

Branches:
Dungeon (3/15)

Altars:
Vehumet

Shops:
D:3 (

Annotations:
D:3 Grinder


Innate Abilities, Weirdness & Mutations

You have a pair of horns on your head.
You reflexively headbutt those who attack you in melee.


Message History

You start waiting.
Grinder is nearby!
Grinder gestures at you.
You suddenly lose the ability to move!
Grinder gestures at you. Pain shoots through your body!
You can move again.
Unknown command.
Grinder hits you but does no damage.
You hit Grinder.
Grinder is lightly wounded.
Grinder gestures at you. Pain shoots through your body!
You closely miss Grinder.
Grinder is lightly wounded.
Grinder hits you but does no damage.
Grinder says, "I used to sell toenails on the black market."
You block Grinder's attack.
You hit Grinder. Your headbutt misses Grinder.
Grinder is lightly wounded.
Grinder hits you but does no damage.
You hit Grinder.
Grinder is moderately wounded.
Grinder blinks!
Grinder gestures at you. Pain shoots through your body!
* * * LOW HITPOINT WARNING * * *
You feel very mighty all of a sudden. Grinder gestures at you.
Pain shoots through your body!
* * * LOW HITPOINT WARNING * * *
Grinder gestures at you.
You suddenly lose the ability to move!
Grinder hits you but does no damage. x4
You can move again.
You barely miss Grinder. You headbutt Grinder!
Grinder is heavily wounded.
Grinder gestures at you. Pain shoots through your body!
You die...

..#.#
#.#.'.8P.P.##
#..# ..#.#
#.###.#.####
##.## . #.# #.#
#.#...# #..# .
..# #.# #.###'#
#.## ... ..#
#.....# #.# ..
#.#############.#
.5
..>.............#
#.#
.#######.#.####
.. #@#.#
.#.##.#######5#.#
........5.......#
...##############


You could see Grinder.

Vanquished Creatures
  Natasha (D:3)
  3 gnolls (D:2)
  2 worms (D:2)
  2 dart slugs
  An orc (D:2)
  4 ball pythons
  3 bats
  7 endoplasms
  2 giant cockroaches
  3 goblins
  4 hobgoblins
  2 quokkas (D:2)
  4 frilled lizards
  9 kobolds
  8 rats
55 creatures vanquished.

Vanquished Creatures (others)
  10 plants (D:2)
10 creatures vanquished.

Grand Total: 65 creatures vanquished

Notes
Turn   | Place    | Note
-------+----------+-------------------------------------------
     0 | D:1      | quixfox the Minotaur Fighter began the quest for the Orb.
     0 | D:1      | Reached XP level 1. HP: 19/19 MP: 0/0
   270 | D:1      | Reached XP level 2. HP: 27/27 MP: 1/1
   857 | D:2      | Reached XP level 3. HP: 33/33 MP: 2/2
  1506 | D:2      | Reached XP level 4. HP: 41/41 MP: 3/3
  1697 | D:3      | Found a radiant altar of Vehumet.
  1711 | D:3      | Noticed Natasha
  1716 | D:3      | Killed Natasha
  1764 | D:3      | Found Yjewunot's Weapon Boutique.
  1840 | D:3      | Found a faded altar of an unknown god.
  1898 | D:3      | Noticed Grinder
  1911 | D:3      | Paralysed by Grinder for 2 turns
  1924 | D:3      | Paralysed by Grinder for 6 turns
  1930 | D:3      | Killed from afar by Grinder

Illustrated notes

Levels and vault maps discovered:
D:1:      roderic_dead_forest, layout_loops_ring,
          chequers_serial_rivers_micro_d, minmay_tromino_v2
D:2:      layout_loops_corners, lexackson_kobold_supper
D:3:      layout_loops_ring, vehumet_crystals, serial_shops,
          nicolae_shop_bloodbath_and_beyond, shapermc_ecumenical_altar_ellora,
          uniq_grinder, uniq_natasha

Skill      XL: |  1  2  3 |
---------------+----------+-----
Axes           | 3 4 |  4.6
Armour         | 4 |  4.5
Fighting       | 4 |  4.5
Shields        | |  3.6

Action                   |  1- 3 |  4- 6 || total
-------------------------+-------+-------++-------
Melee: War axe           |    91 |    22 ||   113
       Headbutt          |    11 |     4 ||    15
  Use: Potion            |       |     1 ||     1
Armor: Scale mail        |    14 |       ||    14
       Plate armour      |    14 |    15 ||    29
Dodge: Dodged            |    26 |     5 ||    31
Block: Buckler           |    44 |     5 ||    49
       Reflection        |     1 |       ||     1
